 Dungeon Crawl Stone Soup version 0.29-a0-802-g34511f41fd (webtiles) character file.

Game seed: 14362927407710252732

68 polve the Cutter (level 4, -4/35 HPs)
             Began as a Demonspawn Abyssal Knight on July 3, 2022.
             Was a Believer of Lugonu.
             Slain by a gnoll
             ... wielding a +0 whip
              (5 damage)
             ... on level 2 of the Dungeon.
             The game lasted 00:01:55 (2333 turns).

polve the Cutter (Demonspawn Abyssal Knight)        Turns: 2333, Time: 00:01:55

Health: -4/35      AC:  3    Str: 16    XL:     4   Next: 1%
Magic:  5/5        EV: 11    Int: 11    God:    Lugonu [**....]
Gold:   86         SH:  0    Dex: 13    Spells: 3/3 levels left

rFire   . . .      SeeInvis .   a - +1 short sword
rCold   . . .      Faith    .   (no shield)
rNeg    . . .      Spirit   .   b - +0 leather armour
rPois   .          Reflect  .   (helmet restricted)
rElec   .          Harm     .   (no cloak)
rCorr   .          Rampage  .   (no gloves)
Will    .....                   (no boots)
Stlth   +.........              (no amulet)
HPRegen 1.11/turn               (no ring)
MPRegen 0.09/turn               (no ring)

@: no status effects
A: antennae 1, powered by death 1, weakness stinger 1
a: Renounce Religion, Depart the Abyss, Bend Space


You were on level 2 of the Dungeon.
You worshipped Lugonu.
Lugonu was pleased with you.
You visited 1 branch of the dungeon, and saw 2 of its levels.
You visited the Abyss 1 time.

You collected 86 gold pieces.

Inventory:

Hand Weapons
 a - a +1 short sword (weapon)
Armour
 b - a +0 leather armour (worn)
 h - a +0 pair of gloves
Jewellery
 c - a +4 ring of slaying
Scrolls
 e - a scroll of identify {unknown}
 g - a scroll of brand weapon {unknown}
 j - a scroll of blinking {unknown}
 k - a scroll of silence {unknown}
Potions
 d - a potion of curing {unknown}
 f - a potion of might {unknown}
 i - a potion of invisibility {unknown}


   Skills:
 - Level 3.0 Fighting
 + Level 3.9 Short Blades
 - Level 1.7 Armour
 - Level 0.8 Dodging
 - Level 2.4 Invocations


You had 3 spell levels left.
You didn't know any spells.
Your spell library was empty.

Dungeon Overview and Level Annotations

Branches:
Dungeon (2/15)

Altars:

Shops:
D:2 !:*


Innate Abilities, Weirdness & Mutations

You have a pair of small antennae on your head.
You regenerate a little health from kills.
You have a small tail.


Message History

No target in view!
You see here a rat corpse.
You see here a rat corpse.
You see here a hobgoblin skeleton.
A gnoll comes into view. It is wielding a +0 halberd.
The gnoll shouts!
A gnoll is nearby!
A gnoll is nearby!
A gnoll is nearby!
A gnoll comes into view. It is wielding a +0 whip.
A gnoll comes into view. It is wielding a +0 club.
The gnoll shouts! x2; You hear an angry hiss.
The gnoll hits you from afar with a +0 halberd.
A gnoll comes into view. It is wielding a +0 halberd.
The gnoll shouts!
You are too injured to fight recklessly!
You are too injured to fight recklessly!
You are too injured to fight recklessly!
You hear an angry hiss.
The gnoll hits you with a +0 halberd.
You hit the gnoll.
The gnoll is moderately wounded.
The gnoll hits you with a +0 halberd!
You hit the gnoll.
The gnoll is heavily wounded.
The gnoll closely misses you. The gnoll misses you.
You hit the gnoll.
The gnoll is severely wounded.
The gnoll completely misses you.
The gnoll hits you from afar with a +0 halberd.
You hit the gnoll.
You kill the gnoll!
Lugonu accepts your kill.
The gnoll hits you from afar with a +0 halberd!
* * * LOW HITPOINT WARNING * * *
You have reached level 4!
You feel stronger.
Your demonic ancestry asserts itself...
You grow a small tail.
The gnoll attacks as you move away! The gnoll hits you with a +0 whip.
You die...

###############
######.............#
..............####.######
.......##.###.#...........
.##.#####.# #.#.##.#####.#
.##.# #.# #.#.##.# .##.# ##.#
#.#.##.#### .##)# #..#
#...@g....# ....# #.##
#.#.##g##g#
#...####.####.#.##.##.#
.#............#.##.##g..gg.#
.....###.####.#.##.##......#
.....##...###.#.##.##........
..............#.##.####...##.
.....##...#####.##.# ...#
.....###.## ... ..##


You could see 3 gnolls.

Vanquished Creatures
  2 adders (D:2)
  A gnoll (D:2)
  2 dart slugs (D:1)
  4 ball pythons
  3 endoplasms
  3 giant cockroaches
  2 goblins
  6 hobgoblins
  2 kobolds
  A quokka (D:1)
  4 bats
  2 frilled lizards
  2 rats
34 creatures vanquished.

Notes
Turn   | Place    | Note
-------+----------+-------------------------------------------
     0 | Abyss:1  | polve the Demonspawn Abyssal Knight began the quest for the
                  | Orb.
     0 | Abyss:1  | Reached XP level 1. HP: 18/18 MP: 2/2
   107 | Abyss:1  | Found a corrupted altar of Lugonu.
   293 | D:1      | Escaped the Abyss
   601 | D:1      | Gained mutation: You regenerate a little health from kills.
                  | [demonic ancestry]
   601 | D:1      | Reached XP level 2. HP: 17/24 MP: 3/3
  1281 | D:1      | Found a faded altar of an unknown god.
  1527 | D:2      | Found Nizint's Assorted Antiques.
  1776 | D:2      | Discovered your monstrous ancestry.
  1776 | D:2      | Gained mutation: You have a pair of small antennae on your
                  | head. [demonic ancestry]
  1776 | D:2      | Reached XP level 3. HP: 29/29 MP: 4/4
  1881 | D:2      | Found Cotul's Distillery.
  1916 | D:2      | Found Lenkielo's Book Boutique.
  2332 | D:2      | HP: 1/29 [gnoll/+0 halberd (9)]
  2333 | D:2      | Gained mutation: You have a small tail. [demonic ancestry]
  2333 | D:2      | Reached XP level 4. HP: 1/35 MP: 5/5
  2333 | D:2      | Slain by a gnoll

Illustrated notes

Levels and vault maps discovered:
D:1:      dpeg_arrival_short_road, layout_basic, basic_ecumenical_altar,
          minmay_misc_feat_ornament, nicolae_kite_square_tiling_tiny
D:2:      layout_loops_ring, serial_shops, shop_fountains,
          nicolae_shop_waterfront, shop, minmay_pentomino_r4

Skill      XL: |  1  2 |
---------------+-------+-----
Short Blades   | 2 3 |  3.9
Fighting       | |  3.0
Armour         | |  1.7
Dodging        | |  0.8
Invocations    | |  2.4

Action                   |  1- 3 |  4- 6 || total
-------------------------+-------+-------++-------
Melee: Short sword       |   104 |       ||   104
       Punch             |     1 |       ||     1
Invok: Depart the Abyss  |     1 |       ||     1
Armor: Leather armour    |    21 |       ||    21
Dodge: Dodged            |    52 |       ||    52

Table legend: (Time is in decaauts)
 A = Elapsed time spent in this place.
 B = Non-inter-level travel time spent in this place.
 C = Inter-level travel time spent in this place.
 D = Time resting spent in this place.
 E = Time spent auto-exploring this place.
 F = Levels seen in this place.
 G = Mean time per level.
                   A        B        C        D        E       F      G
               +--------+--------+--------+--------+--------+-----+--------+
         Total |   2327 |   2315 |     12 |      0 |   2032 |   3 |  775.7 |
       Dungeon |   2034 |   2022 |     12 |      0 |   1741 |   2 | 1017.0 |
         Abyss |    293 |    293 |      0 |      0 |    291 |   1 |  293.0 |
               +--------+--------+--------+--------+--------+-----+--------+

Top non-repeatable levels by time:
     D:1: 1229 daAuts
     D:2: 805 daAuts
 Abyss:1: 293 daAuts
